Islanders vs Penguins

Created - 25 février 2019 at 19:01

Goals
1 2 3 OT1 T
Islanders 0 0 1 0 1
Penguins 1 0 0 1 2
Shots
1 2 3 OT1 T
Islanders 10 15 15 0 40
Penguins 6 5 7 1 19

1st period

1. Penguins , Phil Kessel 12 (David Perron 14, Ryan Suter 23) at 11:27

Penalties :
Darren Archibald (PIT) for Goalie Interference (Minor) at 3:30, Pierre-Luc Dubois (PIT) for High sticking (Minor) at 19:15, Eric Gryba (NYI) for Tripping (Minor) at 19:15

2nd period

No Goal

Penalties :
Jonathan Huberdeau (PIT) for Slashing (Minor) at 17:20

3rd period

2. Islanders , Jesper Bratt 18 (Richard Panik 23, Kyle Quincey 5) at 17:28

Penalties :
Nick Holden (NYI) for Roughing (Minor) at 4:14, Olli Maatta (PIT) for Holding (Minor) at 12:31

Overtime #1

3. Penguins , Nathan MacKinnon 22 (Max Domi 13, Mark Giordano 17) at 1:32

Penalties :
No Penalty

Goalie Stats

Chad Johnson (NYI), 17 saves from 19 shots - (0.895), OTL, 7-17-3, 61:33 minutes
Connor Hellebuyck (PIT), 39 saves from 40 shots - (0.975), W, 31-14-2, 61:33 minutes

Players Stats for Islanders

Player Name              G  A  P  +/- PIM S  H  SB GA TA FO     MP     PP MP  PK MP  
------------------------------------------------------------------------------------
Brock McGinn             0  0  0   0  0   0  1  0  0  0  1/4     3:44   0:43   0:08 
Chris Butler             0  0  0   1  0   0  1  0  0  0  0/0    19:20   0:25   0:50 
Colton Sceviour          0  0  0   0  0   4  0  0  0  0  1/1    12:50   0:30   0:15 
Dennis Seidenberg        0  0  0  -2  0   1  3  1  0  0  0/0    24:46   3:00   0:57 
Eric Gryba               0  0  0   0  2   0  1  1  0  0  0/0    14:05   0:09   1:01 
Jack Eichel              0  0  0  -1  0   5  2  0  0  0  11/28  25:36   2:18   1:01 
Jesper Bratt             1  0  1   1  0   7  0  0  0  0  0/1    17:26   3:09   0:00 
Jujhar Khaira            0  0  0   1  0   6  2  0  0  0  10/24  19:32   3:00   0:00 
Kyle Quincey             0  1  1   1  0   0  3  0  0  0  0/0    21:34   2:48   1:02 
Loui Eriksson            0  0  0   0  0   1  0  0  0  0  0/0     3:53   0:00   0:00 
Neal Pionk               0  0  0   0  0   1  2  1  0  0  0/0    18:47   2:32   0:08 
Nick Holden              0  0  0  -1  2   2  2  2  0  0  0/0    22:56   3:00   0:00 
Patrick Maroon           0  0  0  -1  0   2  5  0  0  0  1/3    24:13   2:14   0:50 
Patrick Sharp            0  0  0   0  0   2  0  0  0  0  0/0    12:05   0:00   0:00 
Reid Boucher             0  0  0   0  0   0  0  0  0  0  0/1     1:07   0:34   0:00 
Richard Panik            0  1  1   0  0   5  3  0  0  0  0/0    19:10   3:09   0:50 
Sam Gagner               0  0  0  -2  0   1  1  0  0  0  2/3    24:38   2:14   0:54 
Timo Meier               0  0  0   0  0   3  1  0  0  0  2/14   14:57   0:00   0:00 

Players Stats for Penguins

Player Name              G  A  P  +/- PIM S  H  SB GA TA FO     MP     PP MP  PK MP  
------------------------------------------------------------------------------------
Adrian Kempe             0  0  0   0  0   0  0  0  0  0  9/13   11:45   0:19   0:47 
Clayton Keller           0  0  0   0  0   3  0  0  0  0  1/3    13:36   0:53   2:04 
Cody Ceci                0  0  0   0  0   2  0  1  0  0  0/0    14:22   0:53   0:00 
Darren Archibald         0  0  0   0  2   0  0  0  0  0  0/0     6:19   0:02   1:07 
David Perron             0  1  1   0  0   0  2  0  0  0  1/1    17:28   0:45   0:00 
Jeff Petry               0  0  0   0  0   0  0  2  0  0  0/0    20:44   0:00   2:52 
Jonathan Huberdeau       0  0  0   0  2   1  0  1  0  0  1/3    19:15   0:00   0:39 
Kevin Labanc             0  0  0   0  0   0  0  0  0  0  0/0     5:11   0:00   0:00 
Mark Giordano            0  1  1   1  0   0  1  4  0  0  0/0    25:38   1:06   3:05 
Max Domi                 0  1  1   1  0   0  0  0  0  0  0/0    11:23   0:00   0:00 
Nathan MacKinnon         1  0  1   1  0   1  2  0  0  0  16/27  21:13   1:14   0:00 
Nikita Kucherov          0  0  0   0  0   5  1  0  0  0  1/2    24:47   1:14   3:29 
Olli Maatta              0  0  0   0  2   0  1  1  0  0  0/0    14:55   0:00   0:00 
Phil Kessel              1  0  1   0  0   3  0  0  0  0  0/0    17:44   0:45   0:00 
Pierre-Luc Dubois        0  0  0   0  2   1  0  0  0  0  16/21  17:27   0:45   0:00 
Ryan Ellis               0  0  0   0  0   2  1  1  0  0  0/0    21:53   0:53   2:52 
Ryan Suter               0  1  1   0  0   0  0  3  0  0  0/0    24:00   1:06   3:05 
Tim Schaller             0  0  0   0  0   1  0  0  0  0  6/9     8:59   0:00   3:48 

3 Stars

1 - Connor Hellebuyck (PIT)
2 - Nathan MacKinnon (PIT)
3 - Mark Giordano (PIT)

Power Play

Islanders - 0 on 3 Attempt(s) - 0.00%
Penguins - 0 on 1 Attempt(s) - 0.00%

Penalty Kill

Islanders - 1 on 1 Attempt(s) - 100.00% - Score 0 goal in Penalty Kill
Penguins - 3 on 3 Attempt(s) - 100.00% - Score 0 goal in Penalty Kill

Team Stat

Islanders - Hits : 27 - Faceoff Wins : 28 - Blocked Shots : 5 - Penalty Minutes : 4
Penguins - Hits : 8 - Faceoff Wins : 51 - Blocked Shots : 13 - Penalty Minutes : 8

Official

Referees : Dean Morton and Wes McCauley
Linesman : Thor Nelson and Scott Cherrey

Game Notes

Eric Gryba is injured at 12:14 of 3rd period (Strained Right Knee)

Finance

Level 1 -- Attendance: 4851 (74.63%) -- Ticket Income 567 567 $
Level 2 -- Attendance: 4393 (87.86%) -- Ticket Income 351 440 $
Level 3 -- Attendance: 3181 (90.89%) -- Ticket Income 197 222 $
Level 4 -- Attendance: 2387 (100.00%) -- Ticket Income 100 254 $
Luxury Box -- Attendance: 925 (92.50%) -- Ticket Income 208 125 $
Game was played at the Consol Energy Center.
Total Attendance: 15737 (85.59%)
Total Ticket Income: 1 424 608 $
Other Income: 698 058 $
Total Income: 2 122 666 $

% Time on Ice - Islanders

Lines # - Real PCT - Wanted PCT - Time Play
Normal Forward
1 - 40% - 40% - 19:50
2 - 29% - 30% - 14:17
3 - 24% - 20% - 12:05
4 - 8% - 10% - 3:53
Normal Defense
1 - 32% - 40% - 16:06
2 - 35% - 30% - 17:29
3 - 31% - 20% - 15:22
4 - 2% - 10% - 1:08
PP Forward
1 - 47% - 60% - 2:48
2 - 53% - 40% - 3:09
PP Defense
1 - 50% - 60% - 3:00
2 - 50% - 40% - 2:57
PK Forward
1 - 58% - 60% - 1:09
2 - 42% - 40% - 0:50
PK Defense
1 - 55% - 60% - 1:05
2 - 45% - 40% - 0:54
PK3 Forward
1 - 0% - 60%
2 - 0% - 40%
PK3 Defense
1 - 0% - 60%
2 - 0% - 40%
44 Forward
1 - 83% - 60% - 1:39
2 - 17% - 40% - 0:20
44 Defense
1 - 71% - 60% - 1:24
2 - 29% - 40% - 0:35
Last Minute Offensive  - 0:00
Last Minute Defensive  - 0:00
Total
Forward - 60:00
Defense - 60:00

% Time on Ice - Penguins

Lines # - Real PCT - Wanted PCT - Time Play
Normal Forward
1 - 35% - 37% - 17:32
2 - 33% - 35% - 16:43
3 - 21% - 20% - 10:39
4 - 10% - 8% - 5:11
Normal Defense
1 - 38% - 40% - 19:00
2 - 36% - 35% - 17:52
3 - 26% - 25% - 13:13
4 - 0% - 0% - 0:00
PP Forward
1 - 62% - 60% - 1:14
2 - 38% - 40% - 0:45
PP Defense
1 - 55% - 60% - 1:06
2 - 45% - 40% - 0:53
PK Forward
1 - 70% - 60% - 4:11
2 - 30% - 40% - 1:46
PK Defense
1 - 48% - 60% - 2:52
2 - 52% - 40% - 3:05
PK3 Forward
1 - 0% - 60%
2 - 0% - 40%
PK3 Defense
1 - 0% - 60%
2 - 0% - 40%
44 Forward
1 - 87% - 60% - 1:43
2 - 13% - 40% - 0:16
44 Defense
1 - 87% - 60% - 1:43
2 - 13% - 40% - 0:16
Last Minute Offensive  - 0:00
Last Minute Defensive  - 0:00
Total
Forward - 60:00
Defense - 60:00

Play-by-Play

1st period


0:01 of 1st period - Nathan MacKinnon wins face-off versus Patrick Maroon in neutral zone.
0:22 of 1st period - Shot by Jack Eichel.
0:22 of 1st period - Shot Blocked by Mark Giordano.
0:37 of 1st period - Nikita Kucherov is hit by Dennis Seidenberg and loses puck.
0:53 of 1st period - Icing by Ryan Suter.
0:54 of 1st period - Nathan MacKinnon wins face-off versus Jujhar Khaira in Penguins zone.
0:54 of 1st period - Jonathan Huberdeau is hit by Jujhar Khaira and loses puck.
1:27 of 1st period - Shot by Richard Panik.
1:27 of 1st period - Shot Misses the Net.
1:29 of 1st period - Shot by Jujhar Khaira.
1:29 of 1st period - Stopped by Connor Hellebuyck without a rebound.
1:30 of 1st period - Adrian Kempe wins face-off versus Timo Meier in Penguins zone.
1:39 of 1st period - Shot by Clayton Keller.
1:39 of 1st period - Stopped by Chad Johnson with a rebound.
2:09 of 1st period - Icing by Cody Ceci.
2:10 of 1st period - Adrian Kempe wins face-off versus Jack Eichel in Penguins zone.
3:30 of 1st period - Minor Penalty to Darren Archibald for Goalie Interference.
3:31 of 1st period - Jujhar Khaira wins face-off versus Tim Schaller in Penguins zone.
3:44 of 1st period - Shot by Richard Panik.
3:44 of 1st period - Shot Blocked by Mark Giordano.
3:46 of 1st period - Shot by Richard Panik.
3:46 of 1st period - Shot Blocked by Ryan Suter.
3:48 of 1st period - Shot by Jujhar Khaira.
3:48 of 1st period - Shot Misses the Net.
3:50 of 1st period - Shot by Richard Panik.
3:50 of 1st period - Stopped by Connor Hellebuyck without a rebound.
3:51 of 1st period - Tim Schaller wins face-off versus Jujhar Khaira in Penguins zone.
4:03 of 1st period - Shot by Neal Pionk.
4:03 of 1st period - Stopped by Connor Hellebuyck without a rebound.
4:04 of 1st period - Tim Schaller wins face-off versus Jack Eichel in Penguins zone.
4:20 of 1st period - Shot by Patrick Maroon.
4:20 of 1st period - Deflect By Jack Eichel.
4:20 of 1st period - Shot Misses the Net.
5:02 of 1st period - Shot by Neal Pionk.
5:02 of 1st period - Shot Blocked by Mark Giordano.
5:04 of 1st period - Shot by Kyle Quincey.
5:04 of 1st period - Shot Misses the Net.
5:06 of 1st period - Shot by Jujhar Khaira.
5:06 of 1st period - Stopped by Connor Hellebuyck without a rebound.
5:07 of 1st period - Tim Schaller wins face-off versus Jujhar Khaira in Penguins zone.
5:20 of 1st period - Shot by Richard Panik.
5:20 of 1st period - Shot Misses the Net.
5:32 of 1st period - Shot by Jesper Bratt.
5:32 of 1st period - Deflect By Colton Sceviour.
5:32 of 1st period - Stopped by Connor Hellebuyck without a rebound.
5:33 of 1st period - Pierre-Luc Dubois wins face-off versus Timo Meier in Penguins zone.
5:40 of 1st period - Shot by Phil Kessel.
5:40 of 1st period - Shot Hit the Post.
5:58 of 1st period - Shot by Phil Kessel.
5:58 of 1st period - Stopped by Chad Johnson without a rebound.
5:59 of 1st period - Jujhar Khaira wins face-off versus Nathan MacKinnon in Islanders zone.
5:59 of 1st period - Jujhar Khaira is hit by Nathan MacKinnon.
6:11 of 1st period - Shot by Richard Panik.
6:11 of 1st period - Stopped by Connor Hellebuyck without a rebound.
6:12 of 1st period - Jack Eichel wins face-off versus Adrian Kempe in Penguins zone.
6:23 of 1st period - Shot by Jack Eichel.
6:23 of 1st period - Shot Misses the Net.
6:34 of 1st period - Icing by Mark Giordano.
6:35 of 1st period - Adrian Kempe wins face-off versus Jujhar Khaira in Penguins zone.
7:20 of 1st period - Jeff Petry is hit by Richard Panik and loses puck.
8:26 of 1st period - David Perron is hit by Dennis Seidenberg and loses puck.
9:08 of 1st period - Eric Gryba is hit by Mark Giordano.
10:45 of 1st period - Shot by Nathan MacKinnon.
10:45 of 1st period - Deflect By Nikita Kucherov.
10:45 of 1st period - Stopped by Chad Johnson without a rebound.
10:46 of 1st period - Sam Gagner wins face-off versus Pierre-Luc Dubois in Islanders zone.
11:27 of 1st period - Shot by Phil Kessel.
11:27 of 1st period - Goal by Phil Kessel - Islanders : 0 - Penguins : 1.
11:28 of 1st period - Jujhar Khaira wins face-off versus Nathan MacKinnon in neutral zone.
11:34 of 1st period - Icing by Olli Maatta.
11:35 of 1st period - Jujhar Khaira wins face-off versus Nathan MacKinnon in Penguins zone.
12:32 of 1st period - Shot by Jesper Bratt.
12:32 of 1st period - Stopped by Connor Hellebuyck without a rebound.
12:33 of 1st period - Jack Eichel wins face-off versus Pierre-Luc Dubois in Penguins zone.
12:40 of 1st period - Shot by Sam Gagner.
12:40 of 1st period - Deflect By Patrick Maroon.
12:40 of 1st period - Shot Misses the Net.
13:21 of 1st period - Icing by Nick Holden.
13:22 of 1st period - Adrian Kempe wins face-off versus Jack Eichel in Islanders zone.
13:22 of 1st period - Ryan Suter is hit by Nick Holden and loses puck.
14:33 of 1st period - Off-side.
14:34 of 1st period - Pierre-Luc Dubois wins face-off versus Timo Meier in neutral zone.
15:02 of 1st period - Shot by Patrick Sharp.
15:02 of 1st period - Stopped by Connor Hellebuyck without a rebound.
15:03 of 1st period - Nathan MacKinnon wins face-off versus Jujhar Khaira in Penguins zone.
15:32 of 1st period - Shot by Jesper Bratt.
15:32 of 1st period - Stopped by Connor Hellebuyck with a rebound.
15:34 of 1st period - Shot by Jujhar Khaira.
15:34 of 1st period - Shot Misses the Net.
16:51 of 1st period - Shot by Kevin Labanc.
16:51 of 1st period - Shot Misses the Net.
16:53 of 1st period - Shot by Darren Archibald.
16:53 of 1st period - Shot Misses the Net.
16:57 of 1st period - Shot by Tim Schaller.
16:57 of 1st period - Stopped by Chad Johnson with a rebound.
17:46 of 1st period - Shot by Clayton Keller.
17:46 of 1st period - Stopped by Chad Johnson with a rebound.
18:04 of 1st period - Shot by Max Domi.
18:04 of 1st period - Shot Misses the Net.
18:54 of 1st period - Shot by Colton Sceviour.
18:54 of 1st period - Deflect By Patrick Sharp.
18:54 of 1st period - Shot Misses the Net.
18:56 of 1st period - Shot by Colton Sceviour.
18:56 of 1st period - Stopped by Connor Hellebuyck without a rebound.
18:57 of 1st period - David Perron wins face-off versus Reid Boucher in Penguins zone.
19:02 of 1st period - Jesper Bratt is hit by David Perron.
19:15 of 1st period - Minor Penalty to Pierre-Luc Dubois for High sticking.
19:15 of 1st period - Minor Penalty to Eric Gryba for Tripping.
19:16 of 1st period - Nathan MacKinnon wins face-off versus Jack Eichel in Islanders zone.
19:58 of 1st period - Shot by Reid Boucher.
19:58 of 1st period - Shot Misses the Net.
Goals for this period are 0 for Islanders vs 1 for Penguins.
Shots for this period are 10 for Islanders vs 6 for Penguins.

2nd period


0:01 of 2nd period - Jack Eichel wins face-off versus Nathan MacKinnon in neutral zone.
0:04 of 2nd period - Mark Giordano is hit by Jack Eichel and loses puck.
0:37 of 2nd period - Shot by Mark Giordano.
0:37 of 2nd period - Shot Misses the Net.
1:08 of 2nd period - Shot by Patrick Maroon.
1:08 of 2nd period - Stopped by Connor Hellebuyck without a rebound.
1:09 of 2nd period - Jonathan Huberdeau wins face-off versus Jack Eichel in Penguins zone.
1:09 of 2nd period - Jonathan Huberdeau is hit by Neal Pionk.
1:12 of 2nd period - Icing by Ryan Ellis.
1:13 of 2nd period - Patrick Maroon wins face-off versus Jonathan Huberdeau in Penguins zone.
1:27 of 2nd period - Shot by Loui Eriksson.
1:27 of 2nd period - Shot Misses the Net.
1:29 of 2nd period - Shot by Jujhar Khaira.
1:29 of 2nd period - Stopped by Connor Hellebuyck with a rebound.
1:31 of 2nd period - Shot by Loui Eriksson.
1:31 of 2nd period - Deflect By Jujhar Khaira.
1:31 of 2nd period - Shot Blocked by Jeff Petry.
1:39 of 2nd period - Shot by Loui Eriksson.
1:39 of 2nd period - Shot Misses the Net.
1:41 of 2nd period - Shot by Jujhar Khaira.
1:41 of 2nd period - Stopped by Connor Hellebuyck without a rebound.
1:42 of 2nd period - Adrian Kempe wins face-off versus Jack Eichel in Penguins zone.
1:42 of 2nd period - Clayton Keller is hit by Jack Eichel and loses puck.
2:05 of 2nd period - Shot by Jack Eichel.
2:05 of 2nd period - Stopped by Connor Hellebuyck with a rebound.
2:27 of 2nd period - Off-side.
2:28 of 2nd period - Jujhar Khaira wins face-off versus Nathan MacKinnon in neutral zone.
2:51 of 2nd period - Shot by Jesper Bratt.
2:51 of 2nd period - Shot Misses the Net.
2:53 of 2nd period - Shot by Jujhar Khaira.
2:53 of 2nd period - Stopped by Connor Hellebuyck with a rebound.
2:55 of 2nd period - Shot by Dennis Seidenberg.
2:55 of 2nd period - Shot Misses the Net.
2:57 of 2nd period - Shot by Nick Holden.
2:57 of 2nd period - Stopped by Connor Hellebuyck with a rebound.
2:59 of 2nd period - Shot by Dennis Seidenberg.
2:59 of 2nd period - Shot Blocked by Jeff Petry.
3:01 of 2nd period - Shot by Jujhar Khaira.
3:01 of 2nd period - Stopped by Connor Hellebuyck with a rebound.
3:03 of 2nd period - Shot by Jesper Bratt.
3:03 of 2nd period - Shot Misses the Net.
3:15 of 2nd period - Shot by Patrick Sharp.
3:15 of 2nd period - Shot Misses the Net.
3:21 of 2nd period - Shot by Patrick Sharp.
3:21 of 2nd period - Shot Misses the Net.
3:23 of 2nd period - Shot by Colton Sceviour.
3:23 of 2nd period - Stopped by Connor Hellebuyck without a rebound.
3:24 of 2nd period - Pierre-Luc Dubois wins face-off versus Jack Eichel in Penguins zone.
3:24 of 2nd period - Pierre-Luc Dubois is hit by Sam Gagner.
3:29 of 2nd period - Off-side.
3:30 of 2nd period - Pierre-Luc Dubois wins face-off versus Timo Meier in neutral zone.
3:34 of 2nd period - Off-side.
3:35 of 2nd period - Pierre-Luc Dubois wins face-off versus Jack Eichel in neutral zone.
5:11 of 2nd period - Icing by Chris Butler.
5:12 of 2nd period - Nathan MacKinnon wins face-off versus Jack Eichel in Islanders zone.
6:27 of 2nd period - Mark Giordano is hit by Richard Panik and loses puck.
6:39 of 2nd period - Ryan Suter is hit by Dennis Seidenberg and loses puck.
7:25 of 2nd period - Icing by Colton Sceviour.
7:26 of 2nd period - Colton Sceviour wins face-off versus Nathan MacKinnon in Islanders zone.
7:26 of 2nd period - Eric Gryba is hit by Nikita Kucherov and loses puck.
7:49 of 2nd period - Shot by Nikita Kucherov.
7:49 of 2nd period - Stopped by Chad Johnson with a rebound.
7:51 of 2nd period - Shot by Cody Ceci.
7:51 of 2nd period - Stopped by Chad Johnson with a rebound.
8:40 of 2nd period - Jesper Bratt is hit by Ryan Ellis and loses puck.
8:49 of 2nd period - Shot by Dennis Seidenberg.
8:49 of 2nd period - Stopped by Connor Hellebuyck without a rebound.
8:50 of 2nd period - Tim Schaller wins face-off versus Brock McGinn in Penguins zone.
8:52 of 2nd period - Icing by Ryan Suter.
8:53 of 2nd period - Tim Schaller wins face-off versus Brock McGinn in Penguins zone.
8:53 of 2nd period - Tim Schaller is hit by Timo Meier.
8:58 of 2nd period - Ryan Suter is hit by Neal Pionk and loses puck.
9:11 of 2nd period - Shot by Tim Schaller.
9:11 of 2nd period - Shot Hit the Post.
9:13 of 2nd period - Shot by Mark Giordano.
9:13 of 2nd period - Shot Misses the Net.
9:15 of 2nd period - Shot by Darren Archibald.
9:15 of 2nd period - Shot Misses the Net.
9:33 of 2nd period - Shot by Kevin Labanc.
9:33 of 2nd period - Shot Misses the Net.
9:43 of 2nd period - Shot by Jonathan Huberdeau.
9:43 of 2nd period - Stopped by Chad Johnson without a rebound.
9:44 of 2nd period - Nathan MacKinnon wins face-off versus Jujhar Khaira in Islanders zone.
9:56 of 2nd period - Icing by Dennis Seidenberg.
9:57 of 2nd period - Jujhar Khaira wins face-off versus Pierre-Luc Dubois in Islanders zone.
9:57 of 2nd period - Jujhar Khaira is hit by David Perron.
10:11 of 2nd period - Off-side.
10:12 of 2nd period - Jack Eichel wins face-off versus Nathan MacKinnon in neutral zone.
10:29 of 2nd period - Shot by Nikita Kucherov.
10:29 of 2nd period - Stopped by Chad Johnson without a rebound.
10:30 of 2nd period - Pierre-Luc Dubois wins face-off versus Jujhar Khaira in Islanders zone.
10:31 of 2nd period - Shot by Ryan Ellis.
10:31 of 2nd period - Shot Blocked by Nick Holden.
10:55 of 2nd period - Shot by Richard Panik.
10:55 of 2nd period - Shot Misses the Net.
11:25 of 2nd period - Off-side.
11:26 of 2nd period - Nathan MacKinnon wins face-off versus Timo Meier in neutral zone.
11:58 of 2nd period - Shot by Timo Meier.
11:58 of 2nd period - Deflect By Patrick Sharp.
11:58 of 2nd period - Stopped by Connor Hellebuyck without a rebound.
11:59 of 2nd period - Jack Eichel wins face-off versus Adrian Kempe in Penguins zone.
12:05 of 2nd period - Shot by Sam Gagner.
12:05 of 2nd period - Stopped by Connor Hellebuyck without a rebound.
12:06 of 2nd period - Jack Eichel wins face-off versus Adrian Kempe in Penguins zone.
12:06 of 2nd period - Jack Eichel is hit by Olli Maatta.
12:14 of 2nd period - Olli Maatta is hit by Patrick Maroon and loses puck.
12:24 of 2nd period - Shot by Max Domi.
12:24 of 2nd period - Deflect By Clayton Keller.
12:24 of 2nd period - Stopped by Chad Johnson without a rebound.
12:25 of 2nd period - Nathan MacKinnon wins face-off versus Jesper Bratt in Islanders zone.
12:25 of 2nd period - Mark Giordano is hit by Kyle Quincey and loses puck.
12:36 of 2nd period - Shot by Jonathan Huberdeau.
12:36 of 2nd period - Shot Misses the Net.
12:53 of 2nd period - Shot by Jujhar Khaira.
12:53 of 2nd period - Shot Misses the Net.
13:01 of 2nd period - Shot by Jujhar Khaira.
13:01 of 2nd period - Shot Misses the Net.
13:04 of 2nd period - Icing by Mark Giordano.
13:05 of 2nd period - Jack Eichel wins face-off versus Nathan MacKinnon in Penguins zone.
13:29 of 2nd period - David Perron is hit by Patrick Maroon and loses puck.
13:47 of 2nd period - Jeff Petry is hit by Patrick Maroon and loses puck.
14:12 of 2nd period - Icing by Nick Holden.
14:13 of 2nd period - Jack Eichel wins face-off versus Adrian Kempe in Islanders zone.
14:52 of 2nd period - Shot by Richard Panik.
14:52 of 2nd period - Shot Misses the Net.
15:34 of 2nd period - Shot by Timo Meier.
15:34 of 2nd period - Stopped by Connor Hellebuyck without a rebound.
15:35 of 2nd period - Jujhar Khaira wins face-off versus Nikita Kucherov in Penguins zone.
16:02 of 2nd period - Icing by Neal Pionk.
16:03 of 2nd period - Pierre-Luc Dubois wins face-off versus Jujhar Khaira in Islanders zone.
16:03 of 2nd period - Ryan Ellis is hit by Eric Gryba and loses puck.
16:31 of 2nd period - Jeff Petry is hit by Kyle Quincey and loses puck.
16:43 of 2nd period - Phil Kessel is hit by Kyle Quincey and loses puck.
17:00 of 2nd period - Ryan Suter is hit by Patrick Maroon and loses puck.
17:04 of 2nd period - Jonathan Huberdeau is hit by Patrick Maroon and loses puck.
17:20 of 2nd period - Minor Penalty to Jonathan Huberdeau for Slashing.
17:21 of 2nd period - Jujhar Khaira wins face-off versus Tim Schaller in Penguins zone.
17:22 of 2nd period - Shot by Richard Panik.
17:22 of 2nd period - Shot Blocked by Ryan Ellis.
18:20 of 2nd period - Shot by Nikita Kucherov.
18:20 of 2nd period - Deflect By Tim Schaller.
18:20 of 2nd period - Shot Blocked by Neal Pionk.
19:10 of 2nd period - Shot by Patrick Maroon.
19:10 of 2nd period - Stopped by Connor Hellebuyck without a rebound.
19:11 of 2nd period - Brock McGinn wins face-off versus Clayton Keller in Penguins zone.
19:12 of 2nd period - Shot by Richard Panik.
19:12 of 2nd period - Stopped by Connor Hellebuyck without a rebound.
19:13 of 2nd period - Adrian Kempe wins face-off versus Brock McGinn in Penguins zone.
19:13 of 2nd period - Adrian Kempe is hit by Brock McGinn.
19:33 of 2nd period - Shot by Timo Meier.
19:33 of 2nd period - Stopped by Connor Hellebuyck without a rebound.
19:34 of 2nd period - Jujhar Khaira wins face-off versus Jonathan Huberdeau in Penguins zone.
Goals for this period are 0 for Islanders vs 0 for Penguins.
Shots for this period are 15 for Islanders vs 5 for Penguins.

3rd period


0:01 of 3rd period - Sam Gagner wins face-off versus Pierre-Luc Dubois in neutral zone.
0:06 of 3rd period - Shot by Jack Eichel.
0:06 of 3rd period - Shot Blocked by Mark Giordano.
0:23 of 3rd period - Icing by Ryan Suter.
0:24 of 3rd period - Pierre-Luc Dubois wins face-off versus Jujhar Khaira in Penguins zone.
0:33 of 3rd period - Ryan Suter is hit by Richard Panik and loses puck.
1:22 of 3rd period - Shot by Nathan MacKinnon.
1:22 of 3rd period - Shot Misses the Net.
1:34 of 3rd period - Shot by Patrick Maroon.
1:34 of 3rd period - Shot Misses the Net.
2:10 of 3rd period - Icing by Patrick Sharp.
2:11 of 3rd period - Adrian Kempe wins face-off versus Timo Meier in Islanders zone.
2:38 of 3rd period - Shot by Clayton Keller.
2:38 of 3rd period - Shot Misses the Net.
3:14 of 3rd period - Shot by Jujhar Khaira.
3:14 of 3rd period - Shot Blocked by Olli Maatta.
3:24 of 3rd period - Shot by Richard Panik.
3:24 of 3rd period - Stopped by Connor Hellebuyck with a rebound.
3:26 of 3rd period - Shot by Jesper Bratt.
3:26 of 3rd period - Stopped by Connor Hellebuyck with a rebound.
3:28 of 3rd period - Shot by Jujhar Khaira.
3:28 of 3rd period - Shot Misses the Net.
3:30 of 3rd period - Shot by Jesper Bratt.
3:30 of 3rd period - Stopped by Connor Hellebuyck without a rebound.
3:31 of 3rd period - Jack Eichel wins face-off versus Pierre-Luc Dubois in Penguins zone.
3:58 of 3rd period - Shot by Jack Eichel.
3:58 of 3rd period - Stopped by Connor Hellebuyck with a rebound.
4:04 of 3rd period - Shot by Nick Holden.
4:04 of 3rd period - Shot Blocked by Ryan Suter.
4:14 of 3rd period - Minor Penalty to Nick Holden for Roughing.
4:15 of 3rd period - Nathan MacKinnon wins face-off versus Jack Eichel in Islanders zone.
4:16 of 3rd period - Shot by Ryan Ellis.
4:16 of 3rd period - Stopped by Chad Johnson without a rebound.
4:17 of 3rd period - Clayton Keller wins face-off versus Sam Gagner in Islanders zone.
4:22 of 3rd period - Shot by Nikita Kucherov.
4:22 of 3rd period - Stopped by Chad Johnson without a rebound.
4:23 of 3rd period - Nathan MacKinnon wins face-off versus Jack Eichel in Islanders zone.
5:28 of 3rd period - Shot by Ryan Ellis.
5:28 of 3rd period - Stopped by Chad Johnson with a rebound.
5:30 of 3rd period - Shot by Cody Ceci.
5:30 of 3rd period - Shot Misses the Net.
5:32 of 3rd period - Shot by Ryan Ellis.
5:32 of 3rd period - Shot Blocked by Dennis Seidenberg.
6:06 of 3rd period - Shot by Nikita Kucherov.
6:06 of 3rd period - Stopped by Chad Johnson without a rebound.
6:07 of 3rd period - Nathan MacKinnon wins face-off versus Jack Eichel in Islanders zone.
6:24 of 3rd period - Shot by Loui Eriksson.
6:24 of 3rd period - Stopped by Connor Hellebuyck without a rebound.
6:25 of 3rd period - Tim Schaller wins face-off versus Timo Meier in Penguins zone.
6:32 of 3rd period - Shot by Cody Ceci.
6:32 of 3rd period - Stopped by Chad Johnson with a rebound.
7:20 of 3rd period - Shot by Richard Panik.
7:20 of 3rd period - Stopped by Connor Hellebuyck with a rebound.
7:22 of 3rd period - Shot by Jujhar Khaira.
7:22 of 3rd period - Shot Blocked by Cody Ceci.
7:24 of 3rd period - Shot by Jesper Bratt.
7:24 of 3rd period - Shot Misses the Net.
7:28 of 3rd period - Shot by Jesper Bratt.
7:28 of 3rd period - Stopped by Connor Hellebuyck without a rebound.
7:29 of 3rd period - Jack Eichel wins face-off versus Nathan MacKinnon in Penguins zone.
7:30 of 3rd period - Shot by Nick Holden.
7:30 of 3rd period - Stopped by Connor Hellebuyck without a rebound.
7:31 of 3rd period - Nathan MacKinnon wins face-off versus Patrick Maroon in Penguins zone.
7:38 of 3rd period - Patrick Maroon is hit by Nathan MacKinnon and loses puck.
7:48 of 3rd period - Off-side.
7:49 of 3rd period - Pierre-Luc Dubois wins face-off versus Timo Meier in neutral zone.
7:54 of 3rd period - Icing by Chris Butler.
7:55 of 3rd period - Timo Meier wins face-off versus Nathan MacKinnon in Islanders zone.
8:12 of 3rd period - Shot by Timo Meier.
8:12 of 3rd period - Stopped by Connor Hellebuyck without a rebound.
8:13 of 3rd period - Pierre-Luc Dubois wins face-off versus Jack Eichel in Penguins zone.
8:30 of 3rd period - Shot by Patrick Maroon.
8:30 of 3rd period - Deflect By Jack Eichel.
8:30 of 3rd period - Stopped by Connor Hellebuyck with a rebound.
8:38 of 3rd period - Shot by Jack Eichel.
8:38 of 3rd period - Stopped by Connor Hellebuyck with a rebound.
9:51 of 3rd period - Nikita Kucherov is hit by Chris Butler and loses puck.
9:55 of 3rd period - Icing by Jesper Bratt.
9:56 of 3rd period - Adrian Kempe wins face-off versus Jujhar Khaira in Islanders zone.
10:13 of 3rd period - Shot by Jesper Bratt.
10:13 of 3rd period - Shot Misses the Net.
11:37 of 3rd period - Shot by Nathan MacKinnon.
11:37 of 3rd period - Shot Misses the Net.
11:39 of 3rd period - Shot by Jeff Petry.
11:39 of 3rd period - Shot Misses the Net.
12:12 of 3rd period - Icing by Patrick Sharp.
12:13 of 3rd period - Pierre-Luc Dubois wins face-off versus Timo Meier in Islanders zone.
12:14 of 3rd period - Shot by David Perron.
12:14 of 3rd period - Shot Blocked by Eric Gryba.
12:14 of 3rd period - Eric Gryba from Islanders is injured at 12:14 of 3rd period (Strained Right Knee).
12:15 of 3rd period - Pierre-Luc Dubois wins face-off versus Jujhar Khaira in Islanders zone.
12:22 of 3rd period - Shot by Phil Kessel.
12:22 of 3rd period - Shot Blocked by Nick Holden.
12:31 of 3rd period - Minor Penalty to Olli Maatta for Holding.
12:32 of 3rd period - Jack Eichel wins face-off versus Tim Schaller in Penguins zone.
13:37 of 3rd period - Shot by Richard Panik.
13:37 of 3rd period - Deflect By Jesper Bratt.
13:37 of 3rd period - Stopped by Connor Hellebuyck without a rebound.
13:38 of 3rd period - Jujhar Khaira wins face-off versus Clayton Keller in Penguins zone.
14:22 of 3rd period - Shot by Jack Eichel.
14:22 of 3rd period - Stopped by Connor Hellebuyck with a rebound.
14:50 of 3rd period - Shot by Phil Kessel.
14:50 of 3rd period - Stopped by Chad Johnson without a rebound.
14:51 of 3rd period - Adrian Kempe wins face-off versus Jack Eichel in Islanders zone.
15:17 of 3rd period - Icing by Neal Pionk.
15:18 of 3rd period - Pierre-Luc Dubois wins face-off versus Jack Eichel in Islanders zone.
16:07 of 3rd period - Icing by Jack Eichel.
16:08 of 3rd period - Nathan MacKinnon wins face-off versus Jack Eichel in Islanders zone.
16:29 of 3rd period - Shot by Nathan MacKinnon.
16:29 of 3rd period - Shot Misses the Net.
16:49 of 3rd period - Shot by Richard Panik.
16:49 of 3rd period - Deflect By Jesper Bratt.
16:49 of 3rd period - Shot Misses the Net.
16:52 of 3rd period - Icing by Jeff Petry.
16:53 of 3rd period - Timo Meier wins face-off versus Nathan MacKinnon in Penguins zone.
16:54 of 3rd period - Shot by Colton Sceviour.
16:54 of 3rd period - Stopped by Connor Hellebuyck without a rebound.
16:55 of 3rd period - Pierre-Luc Dubois wins face-off versus Jujhar Khaira in Penguins zone.
16:55 of 3rd period - Pierre-Luc Dubois is hit by Jujhar Khaira.
17:02 of 3rd period - Off-side.
17:03 of 3rd period - Pierre-Luc Dubois wins face-off versus Jujhar Khaira in neutral zone.
17:12 of 3rd period - Shot by David Perron.
17:12 of 3rd period - Shot Misses the Net.
17:22 of 3rd period - Shot by Richard Panik.
17:22 of 3rd period - Shot Misses the Net.
17:24 of 3rd period - Shot by Jujhar Khaira.
17:24 of 3rd period - Shot Misses the Net.
17:26 of 3rd period - Shot by Kyle Quincey.
17:26 of 3rd period - Deflect By Richard Panik.
17:26 of 3rd period - Shot Blocked by Ryan Suter.
17:28 of 3rd period - Shot by Jesper Bratt.
17:28 of 3rd period - Goal by Jesper Bratt - Islanders : 1 - Penguins : 1.
17:29 of 3rd period - Nathan MacKinnon wins face-off versus Timo Meier in neutral zone.
17:47 of 3rd period - Shot by Patrick Sharp.
17:47 of 3rd period - Shot Blocked by Jonathan Huberdeau.
17:57 of 3rd period - Icing by Chris Butler.
17:58 of 3rd period - Pierre-Luc Dubois wins face-off versus Timo Meier in Islanders zone.
18:22 of 3rd period - Icing by Chris Butler.
18:23 of 3rd period - Nathan MacKinnon wins face-off versus Timo Meier in Islanders zone.
18:39 of 3rd period - Icing by Ryan Ellis.
18:40 of 3rd period - Nathan MacKinnon wins face-off versus Jujhar Khaira in Penguins zone.
19:37 of 3rd period - Shot by Pierre-Luc Dubois.
19:37 of 3rd period - Stopped by Chad Johnson with a rebound.
Goals for this period are 1 for Islanders vs 0 for Penguins.
Shots for this period are 15 for Islanders vs 7 for Penguins.

Overtime #1


0:01 of 1st overtime period - Nikita Kucherov wins face-off versus Jack Eichel in neutral zone.
0:08 of 1st overtime period - Ryan Suter is hit by Nick Holden.
0:18 of 1st overtime period - Shot by Jonathan Huberdeau.
0:18 of 1st overtime period - Deflect By Nikita Kucherov.
0:18 of 1st overtime period - Shot Misses the Net.
0:32 of 1st overtime period - Shot by Jonathan Huberdeau.
0:32 of 1st overtime period - Deflect By Nikita Kucherov.
0:32 of 1st overtime period - Shot Misses the Net.
1:32 of 1st overtime period - Shot by Nathan MacKinnon.
1:32 of 1st overtime period - Goal by Nathan MacKinnon - Islanders : 1 - Penguins : 2.
Goals for this period are 0 for Islanders vs 1 for Penguins.
Shots for this period are 0 for Islanders vs 1 for Penguins.